 Dungeon Crawl Stone Soup version 0.22.1-1-ga44c0e5 (webtiles) character file.

2782 Folque the Geomancer (level 9, -2/69 HPs)
             Began as a Red Draconian Earth Elementalist on Nov 2, 2018.
             Was a Believer of Sif Muna.
             Slain by Joseph
             ... wielding a cursed +0 quarterstaff
              (10 damage)
             ... on level 7 of the Dungeon.
             The game lasted 00:23:21 (6428 turns).

Folque the Geomancer (DrEE)                         Turns: 6428, Time: 00:23:22

Health: -2/69      AC: 10    Str: 11    XL:     9   Next: 43%
Magic:  1/16       EV: 14    Int: 18    God:    Sif Muna [**....]
Gold:   486        SH:  0    Dex: 12    Spells: 3/18 levels left

rFire    + . .     SeeInvis .   G - +3 halberd (freeze) (curse)
rCold    . . .     Gourm    .   (shield currently unavailable)
rNeg     . . .     Faith    .   (armour unavailable)
rPois    +         Spirit   .   (helmet restricted)
rElec    .         Reflect  .   B - +1 cloak {rPois}
rCorr    .         Harm     .   (no gloves)
MR       .....                  e - +0 pair of boots
Stlth    ++........             (no amulet)
HPRegen  0.21/turn              (no ring)
MPRegen  0.15/turn              (no ring)

@: divine energy
A: breathe fire, unfitting armour, fire resistance 1, cold-blooded, AC +7
a: Breathe Fire, Stop Divine Energy, Renounce Religion


You were on level 7 of the Dungeon.
You worshipped Sif Muna.
Sif Muna was pleased with you.
You were hungry.

You visited 2 branches of the dungeon, and saw 8 of its levels.

You collected 486 gold pieces.

Inventory:

Hand Weapons
 a - a +0 dagger
 f - a +1 whip of electrocution
 g - a -2 whip
 i - a +0 short sword
 p - a +1 scythe of slicing
 w - a +0 long sword
 G - a cursed +3 halberd of freezing (weapon)
Missiles
 b - 148 stones (quivered)
 l - 5 javelins
 u - a throwing net
Armour
 e - a +0 pair of boots (worn)
 B - a +1 cloak of poison resistance (worn)
Magical Staves
 C - an uncursed staff of earth {unknown}
Wands
 y - a wand of enslavement (12)
Scrolls
 d - 3 scrolls of remove curse
 n - 5 scrolls of teleportation
 o - 2 scrolls of fog {unknown}
 r - 3 scrolls of blinking {unknown}
 s - a scroll of immolation
 x - a scroll of identify
 z - 2 scrolls of fear {unknown}
 E - a scroll of magic mapping {unknown}
 F - a scroll of holy word {unknown}
Potions
 h - a potion of flight {unknown}
 j - a potion of ambrosia {unknown}
 k - 2 potions of brilliance
 m - a potion of invisibility {unknown}
 q - 4 potions of lignification {unknown}
 t - a potion of curing
 v - 2 potions of degeneration
 A - a potion of might {unknown}
Comestibles
 c - 13 rations


   Skills:
 - Level 3.0 Fighting
 + Level 4.4 Dodging
 - Level 1.7 Stealth
 - Level 5.0 Spellcasting
 - Level 2.0 Conjurations
 + Level 5.2 Transmutations
 * Level 9.5 Earth Magic


You had 3 spell levels left.
You knew the following spells:

 Your Spells              Type           Power        Failure   Level  Hunger
a - Sandblast             Erth           #####.       1%          1    None
b - Passwall              Tmut/Erth      ####....     1%          2    #......
c - Stone Arrow           Conj/Erth      ####..       3%          3    ##.....
d - Lee's Rapid Deconstr  Erth           #####.....   8%          5    ######.
e - Petrify               Tmut/Erth      ####....     6%          4    ####...

Your spell library contained the following spells:

 Spells                   Type           Power        Failure   Level  Hunger


Dungeon Overview and Level Annotations

Branches:
Dungeon (7/15)             Temple (1/1) D:5

Altars:
Ashenzari
Cheibriados
Elyvilon
Fedhas
Gozag
Hepliaklqana
Makhleb
Nemelex Xobeh
Qazlal
Ru
Sif Muna
Trog
Uskayaw
Wu Jian
Xom
Yredelemnul
The Shining One
Lugonu

Annotations:
D:7 Harold, Joseph


Innate Abilities, Weirdness & Mutations

You can breathe blasts of fire.
Your fiery red scales are hard. (AC +7)
You cannot fit into any form of body armour.
Your flesh is heat resistant. (rF+)
You are cold-blooded and may be slowed by cold attacks.


Message History

Aiming: Petrify (safe; 6% risk of failure)
Press: ? - help, Shift-Dir - straight line, f/p - Joseph
Aim: Joseph, wielding a quarterstaff, wearing a leather armour and wearing an Joseph resists with some effort.
Joseph hits you with a quarterstaff! Joseph hits you with a quarterstaff!!
Casting: Petrify (safe; 6% risk of failure)
Confirm with . or Enter, or press ? or * to list all spells.
Aiming: Petrify (safe; 6% risk of failure)
Press: ? - help, Shift-Dir - straight line, f/p - Joseph
Aim: Joseph, wielding a quarterstaff, wearing a leather armour and wearing an Joseph resists with some effort.
Joseph hits you with a quarterstaff!
* * * LOW HITPOINT WARNING * * *
It was a potion of curing.
You feel better. Joseph hits you with a quarterstaff!
* * * LOW HITPOINT WARNING * * *
Okay, then.
As you read the scroll labeled WIRRYPEASO, it crumbles to dust.
The creatures around you are filled with an inner flame!
It was a scroll of immolation.
Joseph hits you with a quarterstaff!
You die...

###### #.....# ###_#####
....... #.....### #......
# ........ #...... .# #
#...#.#
#......##.#..##..##..#.#
#>....<........ .......
#@# #...# #.#####@# #.[).
#.......############.#..
#......)................
.....................##รท
###############......##.
#......##. #......##.
#####.###. #.# ##


You could see Joseph (berserk).

Vanquished Creatures
  Sigmund (D:4)
  A human (D:7)
  4 hogs (D:7)
  A hungry ghost (D:7)
  A sky beast (D:5)
  A phantom (D:7)
  4 ogres
  A centaur (D:5)
  A bullfrog (D:6)
  3 scorpions
  5 wights
  A crimson imp (D:5)
  A quasit (D:5)
  4 hounds
  3 orc priests (D:4)
  A centaur skeleton (D:4)
  Crazy Yiuf (D:6)
  5 orc wizards
  2 worker ants (D:5)
  4 gnolls (D:4)
  12 adders
  A shadow imp (D:6)
  3 oozes
  An adder skeleton (D:7)
  6 worms
  3 dart slugs
  5 leopard geckos
  21 orcs
  2 giant cockroaches
  6 goblins
  3 hobgoblins (D:3)
  4 jackals (D:2)
  13 kobolds
  6 quokkas
  4 ball pythons
  9 bats
  3 frilled lizards
  A jackal skeleton (D:5)
  2 leopard gecko skeletons
  3 rats
  2 demonic plants (Temple)
155 creatures vanquished.

Notes
Turn   | Place    | Note
-------+----------+-------------------------------------------
     0 | D:1      | Folque the Draconian Earth Elementalist began the quest for
                  | the Orb.
     0 | D:1      | Reached XP level 1. HP: 14/14 MP: 3/3
   316 | D:1      | Reached XP level 2. HP: 20/20 MP: 5/5
   797 | D:1      | Reached XP level 3. HP: 25/26 MP: 2/6
   801 | D:1      | Learned a level 2 spell: Passwall
   805 | D:1      | Learned a level 3 spell: Stone Arrow
  1009 | D:2      | Reached skill level 4 in Earth Magic
  1473 | D:2      | Noticed an ogre
  1476 | D:2      | Killed an ogre
  1476 | D:2      | Reached skill level 1 in Conjurations
  1476 | D:2      | Reached XP level 4. HP: 32/33 MP: 0/9
  1476 | D:2      | Reached XP level 5. HP: 37/38 MP: 0/10
  1483 | D:2      | Learned a level 5 spell: Lee's Rapid Deconstruction
  1873 | D:2      | Found an ornate altar of the Wu Jian Council.
  2143 | D:3      | Noticed an ogre
  2148 | D:3      | Killed an ogre
  2341 | D:3      | Reached XP level 6. HP: 45/45 MP: 12/12
  2549 | D:3      | Found a snail-covered altar of Cheibriados.
  2873 | D:4      | Reached skill level 5 in Earth Magic
  3135 | D:4      | Reached skill level 5 in Spellcasting
  3135 | D:4      | Your scales start taking on a fiery red colour.
  3135 | D:4      | Reached XP level 7. HP: 29/51 MP: 0/14
  3135 | D:4      | Gained mutation: Your flesh is heat resistant. (rF+) [Red
                  | Draconian growth]
  3141 | D:4      | Learned a level 4 spell: Petrify
  3185 | D:4      | Reached skill level 1 in Fighting
  3465 | D:4      | Found a hide-covered altar of Uskayaw.
  3466 | D:4      | Found a basalt altar of Yredelemnul.
  3479 | D:4      | Found a white marble altar of Elyvilon.
  3654 | D:4      | Found a glowing golden altar of the Shining One.
  3654 | D:4      | Noticed Sigmund
  3822 | D:4      | Killed Sigmund
  3822 | D:4      | Reached skill level 6 in Earth Magic
  3899 | D:5      | Entered Level 5 of the Dungeon
  4048 | D:5      | Found a staircase to the Ecumenical Temple.
  4060 | Temple   | Entered the Ecumenical Temple
  4074 | Temple   | Became a worshipper of Sif Muna the Loreminder
  4216 | D:5      | Found a shimmering altar of Xom.
  4227 | D:5      | Reached skill level 7 in Earth Magic
  4227 | D:5      | Reached XP level 8. HP: 54/63 MP: 4/15
  4620 | D:6      | Found a runed door.
  4674 | D:6      | Noticed Crazy Yiuf
  4685 | D:6      | Killed Crazy Yiuf
  5251 | D:6      | Found an opulent altar of Gozag.
  5270 | D:6      | Reached * piety under Sif Muna
  5617 | D:6      | Reached skill level 8 in Earth Magic
  5795 | D:7      | Found a blossoming altar of Fedhas.
  5803 | D:7      | Noticed Harold
  6045 | D:7      | Reached XP level 9. HP: 65/69 MP: 5/16
  6049 | D:7      | Reached skill level 9 in Earth Magic
  6051 | D:7      | Reached ** piety under Sif Muna
  6051 | D:7      | Reached skill level 5 in Transmutations
  6244 | D:7      | Found a shattered altar of Ashenzari.
  6267 | D:7      | Noticed Joseph
  6428 | D:7      | Slain by Joseph

Skill      XL: |  1  2  3  4  5  6  7  8  9 |
---------------+----------------------------+-----
Earth Magic    | 4 5 7 8 9 |  9.5
Spellcasting   | 3 4 5 |  5.0
Conjurations   | 1 2 |  2.0
Fighting       | 3 |  3.0
Transmutations | 2 4 5 |  5.2
Dodging        | 3 4 |  4.4
Stealth        | |  1.7

Action                   |  1- 3 |  4- 6 |  7- 9 || total
-------------------------+-------+-------+-------++-------
Melee: Unarmed           |    16 |       |       ||    16
       Tailslap          |     8 |     6 |    16 ||    30
       Whip              |    33 |       |       ||    33
       Short sword       |    18 |   134 |    55 ||   207
       Scythe            |       |       |   131 ||   131
       Halberd           |       |       |     2 ||     2
 Cast: Sandblast         |    31 |    23 |    39 ||    93
       Stone Arrow       |     7 |    23 |    39 ||    69
       Lee's Rapid Decon |       |       |    14 ||    14
       Petrify           |       |       |    10 ||    10
Invok: Divine Energy     |       |       |     1 ||     1
 Abil: Breathe Fire      |       |       |     1 ||     1
  Use: Scroll            |     3 |     1 |     3 ||     7
       Potion            |       |       |     1 ||     1
 Stab: Sleeping          |     2 |       |     4 ||     6
       Petrified         |       |       |     8 ||     8
  Eat: Chunk             |     3 |     7 |    20 ||    30
       Ration            |       |       |     1 ||     1
Armor: Skin              |    30 |    62 |   108 ||   200
Dodge: Dodged            |    59 |    76 |   206 ||   341
